 Dungeon Crawl Stone Soup version 0.29.0-7-g18a832c13a (webtiles) character file.

Game seed: 10485881182109935372

221 SensoryNuts the Slasher (level 5, -3/41 HPs)
             Began as a Demonspawn Fighter on Sept 1, 2022.
             Slain by an iguana (4 damage)
             ... on level 5 of the Dungeon.
             The game lasted 00:03:41 (4354 turns).

SensoryNuts the Slasher (Demonspawn Fighter)        Turns: 4354, Time: 00:03:42

Health: -3/41      AC:  8    Str: 16    XL:     5   Next: 65%
Magic:  5/5        EV:  9    Int:  9    God:
Gold:   1304       SH:  5    Dex: 15    Spells: 4/4 levels left

rFire   . . .      SeeInvis .   a - +1 long sword
rCold   . . .      Faith    .   c - +0 buckler
rNeg    . . .      Spirit   .   b - +0 scale mail
rPois   .          Reflect  .   (no helmet)
rElec   .          Harm     .   (no cloak)
rCorr   .          Rampage  .   (no gloves)
Will    .....                   (no boots)
Stlth   ..........              (no amulet)
HPRegen 0.13/turn               (no ring)
MPRegen 0.09/turn               (no ring)

@: mighty, brilliant
A: molten scales 1, weakness stinger 1
a: no special abilities


You were on level 5 of the Dungeon.
You visited 2 branches of the dungeon, and saw 6 of its levels.

You collected 1304 gold pieces.

Inventory:

Hand Weapons
 a - a +1 long sword (weapon)
Armour
 b - a +0 scale mail (worn)
 c - a +0 buckler (worn)
Jewellery
 q - a ring of see invisible
Wands
 o - a wand of mindburst (22)
Scrolls
 f - 3 scrolls of teleportation
 j - 2 scrolls of fear
 n - 2 scrolls of identify
Potions
 e - a potion of curing
 h - a potion of haste {unknown}
 i - a potion of ambrosia {unknown}
 k - 2 potions of heal wounds {unknown}
 l - a potion of invisibility {unknown}
 m - 2 potions of berserk rage {unknown}
 p - a potion of attraction {unknown}


   Skills:
 + Level 3.3 Fighting
 * Level 3.8 Long Blades
 + Level 3.5 Armour
 + Level 1.4 Dodging
 + Level 0.6 Stealth
 + Level 3.3 Shields


You had 4 spell levels left.
You didn't know any spells.
Your spell library contained the following spells:

 Spells                   Type           Power      Damage    Failure   Level
 Blink                    Tloc           0%         N/A       96%         2
 Scorch                   Fire           0%         2d5       96%         2
 Ignite Poison            Fire/Tmut/Pois 0%         N/A       99%         3
 Mephitic Cloud           Conj/Pois/Air  0%         N/A       99%         3
 Flame Wave               Conj/Fire      0%         2d4       100%        4
 Freezing Cloud           Conj/Ice/Air   0%         6-21      100%        5
 Manifold Assault         Tloc           0%         N/A       100%        5
 Summon Cactus Giant      Summ           0%         N/A       100%        6
 Storm Form               Tmut/Air       0%         N/A       100%        7


Dungeon Overview and Level Annotations

Branches:
Dungeon (5/15)             Temple (1/1) D:4

Altars:
Cheibriados
Fedhas
Gozag
Makhleb
Okawaru
Qazlal
Ru
Uskayaw
Vehumet
Xom


Innate Abilities, Weirdness & Mutations

You are partially covered in molten scales. (AC +2)
You have a small tail.


Message History

You completely miss the iguana.
You tail-slap the iguana, but do no damage.
The iguana is lightly wounded.
The orc hits you but does no damage. x2; The iguana closely misses you.
You hit the iguana but do no damage.
The iguana is lightly wounded.
The orc barely misses you. x2; The iguana misses you.
You block the orc's attack.
You barely miss the iguana. You tail-slap the iguana.
The iguana is moderately wounded.
The orc hits you with a +0 club. The orc hits you but does no damage. x2
The iguana bites you!
The iguana bites you but does no damage.
The orc hits you with a +0 hand axe. The orc hits you but does no damage.
The orc hits you with a +0 hand axe.
You are too injured to fight recklessly!
You feel very mighty all of a sudden. The orc hits you with a +0 club.
You block the orc's attack. The orc hits you but does no damage.
The iguana bites you but does no damage.
You slash the orc!
You kill the orc!
The orc hits you with a +0 hand axe. The orc barely misses you.
The iguana bites you!
* * * LOW HITPOINT WARNING * * *
A phantom comes into view.
The iguana bites you.
* * * LOW HITPOINT WARNING * * *
You slash the iguana!
The iguana is severely wounded.
The orc hits you with a +0 hand axe.
* * * LOW HITPOINT WARNING * * *
The orc barely misses you. The iguana completely misses you.
Unknown command.
It was a potion of brilliance.
You feel clever all of a sudden. The orc hits you but does no damage.
The orc hits you with a +0 hand axe.
* * * LOW HITPOINT WARNING * * *
The iguana bites you.
You die...

#........##
..........##
......W....##
....)........##
..............#
..............#
........ol....##
........o@.....#
...............#
...............#
.).............#
...............#
...............#
...............# .
...............#...
.................#


You could see a phantom, an iguana and 2 orcs.

Vanquished Creatures
  A black bear (D:4)
  A gnoll (D:1)
  5 adders
  A worm (D:3)
  6 orcs
  2 ball pythons (D:1)
  5 endoplasms
  4 giant cockroaches
  3 goblins
  6 hobgoblins
  2 jackals (D:2)
  10 kobolds
  3 quokkas
  6 bats
  A frilled lizard (D:1)
  7 rats
63 creatures vanquished.

Notes
Turn   | Place    | Note
-------+----------+-------------------------------------------
     0 | D:1      | SensoryNuts the Demonspawn Fighter began the quest for the
                  | Orb.
     0 | D:1      | Reached XP level 1. HP: 18/18 MP: 1/1
   422 | D:1      | Gained mutation: You have a small tail. [demonic ancestry]
   422 | D:1      | Reached XP level 2. HP: 24/24 MP: 2/2
   422 | D:1      | Found a faded altar of an unknown god.
  1078 | D:1      | Gained mutation: You are partially covered in molten
                  | scales. (AC +2) [demonic ancestry]
  1078 | D:1      | Reached XP level 3. HP: 27/29 MP: 3/3
  2309 | D:2      | Reached XP level 4. HP: 35/35 MP: 4/4
  2561 | D:3      | Reached skill level 1 in Dodging
  3088 | D:3      | Identified a scroll of acquirement
  3088 | D:3      | Acquired 1086 gold pieces
  3122 | D:4      | Found a staircase to the Ecumenical Temple.
  3135 | D:4      | Noticed a black bear
  3144 | D:4      | Killed a black bear
  3145 | D:4      | Reached XP level 5. HP: 19/41 MP: 5/5
  3182 | Temple   | Entered the Ecumenical Temple
  3817 | D:4      | Found a large runed translucent door.
  3820 | D:4      | Found a large runed translucent door.
  3821 | D:4      | Found a shimmering altar of Xom.
  4335 | D:5      | Entered Level 5 of the Dungeon
  4352 | D:5      | Noticed a phantom
  4354 | D:5      | HP: 1/41 [orc/+0 hand axe (2)]
  4354 | D:5      | Slain by an iguana

Illustrated notes

Levels and vault maps discovered:
D:1:      minmay_arrival_three_doors, layout_loops_ring,
          chequers_ecumenical_altar_simple
D:2:      layout_basic
D:3:      layout_loops_cross
D:4:      due_chaos_kobolds, layout_loops_cross, minmay_temple_entry_waves,
          serial_bayou_lagoon_b
D:5:      layout_cave_pods, kiku_gazebo_garden_becter,
          chequers_serial_rivers_room_b, uniq_edmund, uniq_prince_ribbit1
Temple:   nicolae_temple_ecumenical_triangle

Skill      XL: |  1  2  3  4 |
---------------+-------------+-----
Long Blades    | 2 3 |  3.8
Armour         | 3 |  3.5
Shields        | 3 |  3.3
Dodging        | 1 |  1.4
Fighting       | |  3.3
Stealth        | |  0.6

Action                   |  1- 3 |  4- 6 || total
-------------------------+-------+-------++-------
Melee: Long sword        |   119 |    81 ||   200
       Tailslap          |     9 |    13 ||    22
  Use: Scroll            |       |     5 ||     5
       Potion            |       |     2 ||     2
 Stab: Invisible         |       |     3 ||     3
Armor: Scale mail        |    74 |    42 ||   116
Dodge: Dodged            |    62 |    38 ||   100
Block: Buckler           |    24 |    32 ||    56
